Map: 2000 Atmospheres LE

Players

Throwfordays - Winner!

  • Race: Terran Terran
  • League: Gold

ghost

  • Race: Protoss Protoss
  • League: Silver

VOD

Have the link to the VOD?

Description

Time

  • Played on: Aug. 27, 2021, 9:21 p.m.
  • Length: 5:08
Show
View Real Time Build Order
Export as new Build Order

Throwfordays Terran - Winner!

Build Orders:  

Get SALT Encoding   

  12  0:00  SCV  
  13  0:15  Supply Depot  
  13  0:16  SCV  
  14  0:31  SCV  
  15  0:38  Barracks  
  15  0:44  Refinery  
  15  0:45  SCV  
  16  0:56  Supply Depot  
  16  0:58  SCV  
  17  1:10  SCV  
  18  1:20  Barracks  
  18  1:22  SCV  
  19  1:29  Reaper  
  20  1:37  Barracks  
  20  1:41  SCV  
  20  1:45  Refinery  
  21  1:53  SCV  
  22  2:01  Reaper  
  22  2:06  SCV  
  22  2:07  Reaper  
  25  2:15  Supply Depot  
  25  2:18  SCV  
  26  2:24  Reaper  
  27  2:40  Reaper  
  27  2:51  Reaper  
  29  3:05  Reaper  
  29  3:17  Reaper  
  30  3:31  Reaper  
  30  3:46  Reaper  
  31  4:06  Reaper x2  
  33  4:22  Engineering Bay  
  33  4:23  Reaper  
  34  4:29  Supply Depot  
  36  4:57  Supply Depot  
  36  4:58  Supply Depot  
Show
View Real Time Build Order
Export as new Build Order

ghost Protoss 

Build Orders:  

Get SALT Encoding   

  12  0:01  Probe  
  13  0:15  Pylon  
  13  0:18  Probe (Chrono Boost)  
  14  0:28  Probe (Chrono Boost)  
  15  0:33  Probe (Chrono Boost)  
  16  0:36  Assimilator  
  16  0:44  Probe  
  16  0:45  Assimilator  
  17  0:56  Probe (Chrono Boost)  
  18  1:02  Gateway  
  18  1:08  Probe (Chrono Boost)  
  19  1:17  Probe (Chrono Boost)  
  20  1:22  Probe  
  21  1:28  Forge  
  21  1:34  Probe  
  21  1:39  Pylon  
  22  1:52  Pylon  
  22  1:58  Cybernetics Core  
  22  2:05  Photon Cannon  
  22  2:15  Photon Cannon  
  22  2:21  Pylon  
  21  3:06  Pylon  
  20  3:23  Probe (Chrono Boost)  
  20  3:33  Probe (Chrono Boost)  
  18  3:38  Probe (Chrono Boost)  
  13  3:49  Probe  
  3  4:16  Photon Cannon  
Tags
 
Add a new tag
Caveats
  • Supply blocks, unpowered buildings, or Contaminate may cause inaccurate times.
  • Supply counts are checked every 10 seconds.